 Dungeon Crawl Stone Soup version 0.19.0 (webtiles) character file.

1498 Lyric the Quickloader (level 9, -2/54 HPs)
             Began as a Kobold Hunter on Nov 15, 2016.
             Slain by a sky beast (5 damage)
             ... on level 6 of the Dungeon.
             The game lasted 00:48:30 (5652 turns).

Lyric the Quickloader (Kobold Hunter)               Turns: 5652, Time: 00:48:31

Health: -2/54      AC: 13    Str: 10    XL:     9   Next: 8%
Magic:  9/9        EV: 14    Int: 12    God:
Gold:   180        SH:  0    Dex: 18    Spells: 0 memorised, 8 levels left

rFire  + . .     SeeInvis .     v - -2 short sword (curse)
rCold  . . .     Gourm    .     c - +1 leather armour
rNeg   . . .     Faith    .     (shield restricted)
rPois  .         Spirit   .     n - +2 helmet
rElec  .         Reflect  .     x - +0 cloak
rCorr  .         Harm     .     p - +0 pair of gloves
MR     .....                    (no boots)
Stlth  ++........               (no amulet)
                                m - ring of protection from fire
                                i - +4 ring of protection

@: heavily drained
A: carnivore 3
a: no special abilities


You were on level 6 of the Dungeon.
You were full.

You visited 2 branches of the dungeon, and saw 7 of its levels.

You collected 200 gold pieces.
You spent 20 gold pieces at shops.

Inventory:

Hand Weapons
 a - a +1 hand crossbow
 q - a +0 hunting sling of velocity
 v - a cursed -2 short sword (weapon)
 w - a +3 quarterstaff of chaos
Missiles
 d - 16 bolts
 l - 193 stones (quivered)
 D - 35 sling bullets
Armour
 c - a +1 leather armour (worn)
 n - a +2 helmet (worn)
 p - a +0 pair of gloves (worn)
 x - a +0 cloak (worn)
Jewellery
 i - a +4 ring of protection (left hand)
 m - a ring of protection from fire (right hand)
 o - an uncursed ring of protection from fire
 B - an uncursed amulet of magic regeneration
Wands
 y - a wand of paralysis (4/24)
Scrolls
 t - 3 scrolls of enchant weapon {unknown}
 F - 3 scrolls of remove curse
 G - a scroll of amnesia
 I - a scroll of identify
Potions
 b - a potion of lignification {unknown}
 e - a potion of haste {unknown}
 g - 2 potions of degeneration {unknown}
 h - a potion of cure mutation
 z - a potion of berserk rage {unknown}
 A - 2 potions of magic
 E - a potion of agility {unknown}
Comestibles
 f - 2 meat rations
 j - 7 fruits
 r - 2 bread rations
 u - a slice of pizza


   Skills:
 + Level 5.5(3.6) Fighting
 + Level 0.6(0.0) Short Blades
 + Level 10.9(8.7) Crossbows
 + Level 2.9(1.1) Armour
 + Level 3.6(1.8) Dodging
 + Level 2.2(0.5) Stealth


You had 8 spell levels left.
You didn't know any spells.

Dungeon Overview and Level Annotations

Branches:
Dungeon (6/15)             Temple (1/1) D:5

Altars:
Ashenzari
Cheibriados
Dithmenos
Fedhas
Gozag
Hepliaklqana
Kikubaaqudgha
Makhleb
Nemelex Xobeh
Qazlal
Ru
Sif Muna
Uskayaw
Vehumet
Yredelemnul
Zin

Shops:
D:4 *   D:6 *


Innate Abilities, Weirdness & Mutations

You are small and have problems with some larger weapons.
You are carnivorous and can eat meat at any time.


Message History

Okay, then.
Wield which item (- for none, * to show all)? (? for menu, Esc to quit)
It sticks to your hand!
v - a cursed -2 short sword (weapon)
As you read the scroll labeled YBOXZA DILATOJ, it crumbles to dust.
It is a scroll of enchant armour.
Really abort (and waste the scroll)?
Your +0 leather armour glows green for a moment.
The hound completely misses you.
The sky beast hits you but does no damage.
The hound barely misses you.
As you read the scroll of immolation, it crumbles to dust.
The creatures around you are filled with an inner flame!
The sky beast hits you but does no damage.
The hound completely misses you. The wight barely misses you.
The wight closely misses you. The wight barely misses you.
The hound closely misses you.
The sky beast flickers out of sight!
Deactivating autopickup; reactivate with Ctrl-A.
Something hits you.
You die...

######### #.......# ## #.......#
#. #.......# #.
#######.......############.
!#####...(..(.zz................
........∩÷[...h.{..........†>...
.........###..z@...##########...
.#####...#............. #...
#...#.............. #...
#...#..########'### #...
##...#.. .. #... #....#.. . #...
##..)#.. #... #...#.. #... #..)#
#...


You could see a hound (inner flame) and 3 wights.

Vanquished Creatures
  Grinder (D:4)
  The ghost of Lyric the Cutter, an amateur KoGl (D:3)
  A sky beast (D:5)
  3 ogres
  2 bullfrogs (D:6)
  2 wights (D:6)
  2 howler monkeys
  2 hounds (D:6)
  A bullfrog zombie (D:5)
  2 orc priests (D:3)
  Crazy Yiuf (D:2)
  2 iguanas (D:5)
  2 orc wizards (D:6)
  2 worker ants
  A hound zombie (D:5)
  A hound skeleton (D:4)
  A worker ant zombie (D:5)
  A gnoll (D:5)
  9 adders
  A shadow imp (D:6)
  2 adder skeletons
  A worm (D:5)
  A dart slug (D:2)
  3 leopard geckos
  17 orcs
  15 bats
  4 giant cockroaches
  6 goblins
  7 hobgoblins
  8 jackals
  2 quokkas
  A ball python (D:2)
  7 frilled lizards
  8 kobolds
  10 rats
130 creatures vanquished.

Vanquished Creatures (others)
  5 toadstools (D:1)
5 creatures vanquished.

Grand Total: 135 creatures vanquished

Notes
Turn   | Place    | Note
-------+----------+-------------------------------------------
     0 | D:1      | Lyric the Kobold Hunter began the quest for the Orb.
     0 | D:1      | Reached XP level 1. HP: 12/12 MP: 1/1
    67 | D:1      | Reached skill level 5 in Crossbows
   190 | D:1      | Reached XP level 2. HP: 17/17 MP: 2/2
   826 | D:1      | Reached XP level 3. HP: 21/21 MP: 3/3
  1063 | D:2      | Reached skill level 6 in Crossbows
  1182 | D:2      | Reached XP level 4. HP: 27/27 MP: 4/4
  1606 | D:2      | Found an ancient bone altar of Kikubaaqudgha.
  1692 | D:2      | Found a runed door.
  1696 | D:2      | Noticed Crazy Yiuf
  1750 | D:2      | Killed Crazy Yiuf
  1750 | D:2      | Reached XP level 5. HP: 31/31 MP: 5/5
  1871 | D:3      | Found a blossoming altar of Fedhas.
  1974 | D:3      | Found an opulent altar of Gozag.
  1997 | D:3      | Reached skill level 7 in Crossbows
  2013 | D:3      | Noticed Lyric's ghost (amateur KoGl)
  2023 | D:3      | Killed Lyric's ghost
  2023 | D:3      | Reached skill level 1 in Armour
  2023 | D:3      | Reached XP level 6. HP: 36/36 MP: 6/6
  2481 | D:3      | Reached skill level 8 in Crossbows
  3381 | D:4      | Noticed an ogre
  3392 | D:4      | Killed an ogre
  3392 | D:4      | Reached XP level 7. HP: 26/41 MP: 7/7
  3529 | D:4      | Noticed Grinder
  3531 | D:4      | Paralysed by Grinder for 4 turns
  3539 | D:4      | Killed Grinder
  3539 | D:4      | Reached skill level 9 in Crossbows
  3737 | D:4      | Found Ceimo's Assorted Antiques.
  4211 | D:4      | Reached XP level 8. HP: 48/48 MP: 8/8
  4410 | D:4      | Bought a ruby potion for 20 gold pieces
  4428 | D:5      | Entered Level 5 of the Dungeon
  4550 | D:5      | HP: 2/48 [iguana (1)]
  4925 | D:5      | Found a shattered altar of Ashenzari.
  4925 | D:5      | Found a deep blue altar of Sif Muna.
  4933 | D:5      | Found a sacrificial altar of Ru.
  4936 | D:5      | Found a blossoming altar of Fedhas.
  4938 | D:5      | Found a radiant altar of Vehumet.
  5031 | D:5      | Reached skill level 10 in Crossbows
  5201 | D:5      | Found a staircase to the Ecumenical Temple.
  5233 | Temple   | Entered the Ecumenical Temple
  5378 | D:6      | Found Witosurgh's Assorted Antiques.
  5396 | D:6      | Reached skill level 5 in Fighting
  5510 | D:6      | Reached XP level 9. HP: 54/54 MP: 9/9
  5652 | D:6      | Slain by a sky beast

Skill      XL: |  1  2  3  4  5  6  7  8 |
---------------+-------------------------+-----
Crossbows      | 5 6 7 8 9 10 | 10.9
Armour         | 1 2 |  2.9
Dodging        | 3 |  3.6
Fighting       | 3 4 5 |  5.5
Stealth        | 2 |  2.2
Short Blades   | |  0.6

Action                   |  1- 3 |  4- 6 |  7- 9 || total
-------------------------+-------+-------+-------++-------
Melee: Short sword       |     6 |       |       ||     6
 Fire: Hand crossbow     |    66 |   140 |   159 ||   365
  Use: Scroll            |     3 |     3 |     5 ||    11
       Potion            |       |       |     4 ||     4
  Eat: Chunk             |     9 |     7 |     3 ||    19
Armor: Leather armour    |     8 |    11 |    27 ||    46
Dodge: Dodged            |    23 |    43 |    57 ||   123
